 Dungeon Crawl Stone Soup version 0.27-a0-1200-g94dc6ad4cf (webtiles) character file.

Game seed: 10547532953059226317

126 reriks the Grasshopper (level 4, -2/23 HPs)
             Began as a Spriggan Warper on June 1, 2021.
             Was an Initiate of Ashenzari.
             Killed by nerve-wracking pain
             ... invoked by a shadow imp
              (11 damage)
             ... on level 4 of the Dungeon.
             The game lasted 00:06:17 (4929 turns).

reriks the Grasshopper (Spriggan Warper)            Turns: 4929, Time: 00:06:18

Health: -2/23      AC:  2    Str:  7    XL:     4   Next: 83%
Magic:  6/9        EV: 18    Int: 14    God:    Ashenzari [......]
Gold:   1255       SH:  0    Dex: 15    Spells: 1/9 levels left

rFire    . . .     SeeInvis +   k - +3 dagger (speed)
rCold    . . .     Faith    .   (shield restricted)
rNeg     . . .     Spirit   .   b - +0 robe
rPois    .         Reflect  .   (helmet restricted)
rElec    .         Harm     .   (no cloak)
rCorr    .         Rampage  .   (gloves unavailable)
Will     .....                  (boots unavailable)
Stlth    ++........             (no amulet)
HPRegen  0.07/turn              (no ring)
MPRegen  0.11/turn              (no ring)

@: very quick
A: very small, no large weapons, unfitting armour, see invisible, speed 3
a: Renounce Religion


You were on level 4 of the Dungeon.
You worshipped Ashenzari.
Ashenzari was noncommittal.
You visited 1 branch of the dungeon, and saw 4 of its levels.

You collected 1255 gold pieces.

Inventory:

Hand Weapons
 a - a +0 short sword
 g - a +0 club
 k - a +3 dagger of speed (weapon)
Missiles
 e - 4 boomerangs (quivered)
Armour
 b - a +0 robe (worn)
Scrolls
 d - a scroll of blinking
 i - a scroll of teleportation
Potions
 c - 2 potions of might
 f - a potion of haste
 h - a potion of curing
 j - a potion of invisibility
 m - 2 potions of mutation
 n - a potion of heal wounds


   Skills:
 + Level 2.2 Fighting
 + Level 2.9 Short Blades
 + Level 1.8 Throwing
 + Level 4.0 Dodging
 + Level 2.3 Stealth
 + Level 3.3 Spellcasting
 + Level 5.0 Translocations


You had one spell level left.
You knew the following spells:

 Your Spells              Type           Power      Damage    Failure   Level
a - Blink                 Tloc           N/A        N/A       4%          2
b - Gell's Gravitas       Tloc           8%         N/A       8%          3
c - Lesser Beckoning      Tloc           8%         N/A       8%          3

Your spell library contained the following spells:

 Spells                   Type           Power      Damage    Failure   Level
 Teleport Other           Tloc           16%        N/A       8%          3
 Manifold Assault         Tloc           16%        N/A       58%         5


Dungeon Overview and Level Annotations

Branches:
Dungeon (4/15)
 Temple: D:4-7

Altars:
Ashenzari
Vehumet


Innate Abilities, Weirdness & Mutations

You are very small and have problems with some larger weapons.
You are too small for most types of armour.
You have supernaturally acute eyesight. (SInv)
You cover ground extremely quickly. (Speed+++)


Message History

The spell is quite dangerous to cast (8% risk of failure)!
Continue anyway?
Aiming: Gell's Gravitas (quite dangerous; 8% risk of failure)
Press: ? - help, Dir - move target, f - shadow imp
Aim: a shadow imp (asleep) Gravity reorients around the shadow imp.
The shadow imp shouts, "Begone, thou foisting base-court bladder!"
A necrophage comes into view.
You hit the shadow imp.
The shadow imp is moderately wounded.
You barely miss the shadow imp.
The shadow imp is moderately wounded.
The shadow imp hits you but does no damage.
You hit the shadow imp.
The shadow imp is heavily wounded.
You barely miss the shadow imp.
The shadow imp is heavily wounded.
The shadow imp closely misses you.
You hit the shadow imp.
The shadow imp is severely wounded.
The shadow imp gestures at you. Pain shoots through your body!
Ouch! That really hurt!
You are too injured to fight recklessly!
You are too injured to fight recklessly!
You are too injured to fight recklessly!
You are too injured to fight recklessly!
You are too injured to fight recklessly!
You are too injured to fight recklessly!
You are too injured to fight recklessly!
You are too injured to fight recklessly!
You are too injured to fight recklessly!
You are too injured to fight recklessly!
You are too injured to fight recklessly!
You are too injured to fight recklessly!
You closely miss the necrophage. The necrophage hits you.
You hit the necrophage.
The necrophage is lightly damaged.
The shadow imp gestures at you. Pain shoots through your body!
You die...

###.# ##...##
##.....# #......#
##......##
##........#
#.....n5..#
..........@..#
.............#
.....# ............#
.....## #..........#
......# #.........#
......## #.........#
.......###........##
..................#
..................#


You could see a necrophage and a shadow imp.

Vanquished Creatures
  5 adders
  An adder skeleton (D:4)
  3 worms
  4 dart slugs
  2 orcs
  5 ball pythons
  10 endoplasms
  3 giant cockroaches
  8 goblins
  2 hobgoblins
  A jackal (D:2)
  4 kobolds
  A quokka (D:2)
  5 bats
  3 frilled lizards (D:2)
57 creatures vanquished.

Vanquished Creatures (others)
  2 plants (D:3)
2 creatures vanquished.

Grand Total: 59 creatures vanquished

Notes
Turn   | Place    | Note
-------+----------+-------------------------------------------
     0 | D:1      | reriks the Spriggan Warper began the quest for the Orb.
     0 | D:1      | Reached XP level 1. HP: 10/10 MP: 5/5
   711 | D:1      | Reached XP level 2. HP: 10/15 MP: 6/6
  1253 | D:1      | Reached skill level 1 in Stealth
  1808 | D:2      | Reached XP level 3. HP: 16/18 MP: 8/8
  1954 | D:2      | Noticed a scorpion
  2451 | D:2      | Reached XP level 4. HP: 23/23 MP: 9/9
  3995 | D:3      | Found a broken altar of Ashenzari.
  4029 | D:3      | Found a faded altar of an unknown god.
  4037 | D:3      | Became a worshipper of Ashenzari the Shackled
  4067 | D:3      | Reached skill level 5 in Translocations
  4240 | D:3      | Found a radiant altar of Vehumet.
  4539 | D:4      | Identified a scroll of acquirement
  4539 | D:4      | Noticed a necrophage
  4882 | D:4      | Acquired 1089 gold pieces
  4887 | D:4      | Learned a level 2 spell: Blink
  4891 | D:4      | Learned a level 3 spell: Gell's Gravitas
  4895 | D:4      | Learned a level 3 spell: Lesser Beckoning
  4920 | D:4      | Noticed a necrophage
  4929 | D:4      | Killed from afar by a shadow imp

Illustrated notes

Levels and vault maps discovered:
D:1:      zelgadis_glass_arrival_small, layout_basic
D:2:      minmay_recursive_quarters, layout_basic
D:3:      layout_rooms, cheibrodos_ashenzari_chains,
          nicolae_vehumet_altar_sigil, basic_ecumenical_altar, kennysheep_boxes
D:4:      layout_cave_pods, minmay_temple_entry_poolview

Skill      XL: |  1  2  3  4 |
---------------+-------------+-----
Stealth        | 1 2 |  2.3
Spellcasting   | 3 |  3.3
Fighting       | 2 |  2.2
Translocations | 5 |  5.0
Dodging        | 4 |  4.0
Short Blades   | |  2.9
Throwing       | |  1.8

Action                   |  1- 3 |  4- 6 || total
-------------------------+-------+-------++-------
Melee: Short sword       |    26 |       ||    26
       Dagger            |    78 |   143 ||   221
Throw: Boomerang         |    13 |     4 ||    17
 Cast: Gell's Gravitas   |       |     1 ||     1
  Use: Scroll            |     4 |     3 ||     7
 Stab: Sleeping          |     4 |     1 ||     5
Armor: Robe              |     8 |    12 ||    20
Dodge: Dodged            |    44 |    85 ||   129

Table legend: (Time is in decaauts)
 A = Elapsed time spent in this place.
 B = Non-inter-level travel time spent in this place.
 C = Inter-level travel time spent in this place.
 D = Time resting spent in this place.
 E = Time spent auto-exploring this place.
 F = Levels seen in this place.
 G = Mean time per level.
                   A        B        C        D        E       F      G
               +--------+--------+--------+--------+--------+-----+--------+
         Total |   4114 |   4019 |     95 |   2425 |   1066 |   4 | 1028.5 |
       Dungeon |   4114 |   4019 |     95 |   2425 |   1066 |   4 | 1028.5 |
               +--------+--------+--------+--------+--------+-----+--------+

Top non-repeatable levels by time:
     D:1: 2054 daAuts
     D:2: 1455 daAuts
     D:3: 421 daAuts
     D:4: 182 daAuts
